 Dungeon Crawl Stone Soup version 0.19-a0-328-g3707654 (webtiles) character file.

23 mistymad the Conjurer (level 2, 0/23 HPs)
             Began as a Draconian Conjurer on May 28, 2016.
             Slain by an orc
             ... wielding a +0 hand axe
              (2 damage)
             ... on level 4 of the Dungeon.
             The game lasted 00:02:18 (1031 turns).

mistymad the Conjurer (Draconian Conjurer)          Turns: 1031, Time: 00:02:19

Health: 0/23       AC:  4    Str: 10    XL:     2   Next: 75%
Magic:  1/5        EV: 12    Int: 15    God:
Gold:   58         SH:  0    Dex: 11    Spells: 2 memorised, 2 levels left

rFire  . . .     SeeInvis .     (no weapon)
rCold  . . .     Gourm    .     (armour unavailable)
rNeg   . . .     Faith    .     (no shield)
rPois  .         Spirit   .     (helmet restricted)
rElec  .         Dismiss  .     (no cloak)
rCorr  .         Reflect  .     (no gloves)
SustAt .         Harm     .     (no boots)
MR     .....                    (no amulet)
Stlth  ++........               (no ring)
                                i - ring of flight

@: not resistant to hostile enchantments, unstealthy
A: unfitting armour, cold-blooded, AC +4
a: Evoke Flight


You were on level 4 of the Dungeon.
You were hungry.

You visited 1 branch of the dungeon, and saw 3 of its levels.

You collected 58 gold pieces.

Inventory:

Jewellery
 i - a ring of flight (left hand)
Scrolls
 c - a scroll of enchant armour {unknown}
 d - a scroll of remove curse {unknown}
 e - a scroll of amnesia {unknown}
 f - a scroll of enchant weapon {unknown}
 g - a scroll of noise {unknown}
 h - 2 scrolls of recharging {unknown}
Potions
 j - a potion of invisibility {unknown}
Books
 a - a book of Conjurations

   Spells                             Type                      Level
   a - Magic Dart                     Conjuration                  1
   b - Searing Ray                    Conjuration                  2
   c - Dazzling Spray                 Conjuration/Hexes            3
   d - Fulminant Prism                Conjuration/Hexes            4
   e - Iskenderun's Mystic Blast      Conjuration                  4
   f - Iskenderun's Battlesphere      Conjuration/Charms           5
Comestibles
 b - 2 bread rations
 k - 3 fruits


   Skills:
 + Level 1.2 Fighting
 + Level 2.2 Dodging
 + Level 1.9 Stealth
 + Level 2.1 Spellcasting
 + Level 4.1 Conjurations


You had 2 spell levels left.
You knew the following spells:

 Your Spells              Type           Power        Failure   Level  Hunger
a - Magic Dart            Conj           ##..         4%          1    #......
b - Searing Ray           Conj           ##....       8%          2    ###....


Dungeon Overview and Level Annotations

Branches:
Dungeon (2/15)

Altars:


Innate Abilities, Weirdness & Mutations

Your plain brown scales are hard (AC +4).
Your body does not fit into most forms of armour.
You are cold-blooded and may be slowed by cold attacks.


Message History

You take 4 damage, and have 9/23 hp.
You barely miss the orc wizard. The orc barely misses you.
The orc wizard hits you with a dagger.
You take 2 damage, and have 7/23 hp.
You closely miss the orc wizard. The orc closely misses you.
The orc wizard completely misses you.
You closely miss the orc wizard. The orc barely misses you.
The orc wizard hits you with a dagger.
* * * LOW HITPOINT WARNING * * *
You take 1 damage, and have 6/23 hp.
You closely miss the orc wizard. The orc barely misses you.
The orc wizard hits you with a dagger.
* * * LOW HITPOINT WARNING * * *
You take 4 damage, and have 2/23 hp.
You hit the orc wizard but do no damage.
The orc hits you but does no damage. The orc wizard closely misses you.
You hit the orc wizard.
The orc wizard is lightly wounded.
The orc hits you with a hand axe.
You die...

#
##########a#
...)ooo@ooo#
#########o.#
..# ..# ..#
#.# .. .#


You could see a worker ant, an orc wizard and 6 orcs.

Vanquished Creatures
  An adder zombie (D:4)
  An orc (D:4)
  2 giant cockroaches (D:1)
  A goblin (D:1)
  A hobgoblin (D:1)
  4 jackals (D:1)
  2 kobolds (D:1)
  A bat (D:1)
  2 giant newts (D:1)
  2 rats (D:1)
17 creatures vanquished.

Notes
Turn   | Place    | Note
--------------------------------------------------------------
     0 | D:1      | mistymad the Draconian Conjurer began the quest for the Orb.
     0 | D:1      | Reached XP level 1. HP: 14/14 MP: 3/3
   468 | D:1      | Reached XP level 2. HP: 21/22 MP: 1/5
   588 | D:1      | Learned a level 2 spell: Searing Ray
   942 | D:1      | Reached skill level 1 in Fighting
  1017 | D:2      | You fall through a shaft for 2 floors!
  1031 | D:4      | Slain by an orc

Vault maps used:
D:1:      eino_arrival_water_cross
D:2:      wad_woods_tower
D:4:      minmay_temple_entry_fiery, first_bread, elyvilon_altar_4

Skill      XL: |  1  2 |
---------------+-------+-----
Dodging        | 2 |  2.2
Fighting       | 1 |  1.2
Stealth        | |  1.9
Spellcasting   | |  2.1
Conjurations   | |  4.1

Action                   || total
-------------------------++-------
Melee: Unarmed           ||    64
       Tailslap          ||     5
 Cast: Magic Dart        ||    14
       Searing Ray       ||     2
 Stab: Sleeping          ||     1
Armor: Skin              ||    35
Dodge: Dodged            ||    49
